[Event "Late-Titled-Tuesday-Blitz-June-25-2024"]
[Site "Chess.com"]
[Date "2024.06.25"]
[Round "9"]
[White "MatthewG-p4p"]
[Black "Gangster-accountant01"]
[Result "1-0"]
[WhiteElo "2925"]
[BlackElo "2601"]
[TimeControl "180+1"]
[EndTime "15:43:56 PDT"]
[Termination "MatthewG-p4p won by resignation"]

1. e4 e5 2. Nf3 Nf6 3. d4 Nxe4 4. Bd3 d5 5. Nxe5 Nc6 6. Nxc6 bxc6 7.
O-O Bd6 8. Nd2 f5 9. c4 O-O 10. Nf3 Kh8 11. c5 Be7 12. Ne5 Bf6 13. Nxc6 Qe8 14. Ne5 Bxe5 15. dxe5 Qxe5 16. Re1 Qf6 17. Bc2 c6 18. Be3 Ba6 19. f3 Ng5 20. Bd4 Qf7 21.
Qd2 Ne6 22. Be5 Rfe8 23. Bd6 Qf6 24. Re5 Nf8 25. Rae1 Rxe5 26. Bxe5 Qg6 27. Qa5 Bb5 28. Bd6 Bc4 29. Qc7 Bb5 30. Re7 h5 31. Rxg7 Ne6 32. Rxg6 Nxc7 33. Bxc7 Kh7 34. Bxf5 1-0

[Event "Late-Titled-Tuesday-Blitz-June-25-2024"]
[Site "Chess.com"]
[Date "2024.06.25"]
[Round "9"]
[White "Alblooshi_Hamad"]
[Black "betta2004"]
[Result "0-1"]
[WhiteElo "2317"]
[BlackElo "2502"]
[TimeControl "180+1"]
[EndTime "15:43:56 PDT"]
[Termination "betta2004 won by checkmate"]

1. d4 Nf6 2. c4 e6 3. Nc3 d5 4. cxd5 exd5 5. Bg5 Be7 6. e3 c6 7. Bd3 Nbd7 8. Nf3 Nh5 9. h4 h6 10. Bxe7 Qxe7 11. Qe2 Nb6 12. Ne5 Nf6 13. O-O-O Be6 14. g4 Nfd7 15. f4 Nxe5 16. dxe5 O-O-O 17. Kb1 Kb8 18. Bc2 Qb4 19. a3 Qc5 20. Na4 Nxa4 21. Bxa4 d4 22.
Rc1 Qd5 23. b4 dxe3 24. Rhd1 Qe4+ 25. Bc2 Qxf4 26. Rf1 Qxg4 27. Qxe3 Qc4 28. Bb3 Qxb3+ 29. Qxb3 Bxb3 30. Rc3 Be6 31. Rg3 g6 32. a4 h5 33.
b5 cxb5 34. axb5 Rd5 35. b6 axb6 36. Rf2 Rxe5 37. Rb2 b5 38. Rxb5 Rxb5+ 39. Kc1 Rd8 40. Rc3 Bf5 41. Rc8+ Rxc8+ 42. Kd2 Rd5+ 43. Ke3 Rc4 44.
Kf3 Rd3+ 45. Ke2 Rc2+ 46. Ke1 Bg4 47. Kf1 Rd1# 0-1

[Event "Late-Titled-Tuesday-Blitz-June-25-2024"]
[Site "Chess.com"]
[Date "2024.06.25"]
[Round "9"]
[White "Snowball-03"]
[Black "pinelone"]
[Result "1-0"]
[WhiteElo "2619"]
[BlackElo "2424"]
[TimeControl "180+1"]
[EndTime "15:43:57 PDT"]
[Termination "Snowball-03 won by resignation"]

1. d4 Nf6 2. Bg5 d5 3. Bxf6 exf6 4. e3 c6 5. c4 dxc4 6. Bxc4 Bd6 7. Nc3 O-O 8. Nf3 Nd7 9. O-O f5 10. Qc2 Nf6 11.
Rfd1 Qe7 12. d5 c5 13. Nd2 Bd7 14. a4 a6 15. Be2 Rac8 16. a5 Rfe8 17. Nc4 Ne4 18. Bf3 Nxc3 19. bxc3 g6 20. Rab1 Bb5 21.
Nxd6 Qxd6 22. c4 Bd7 23. Rxb7 Rb8 24. Rdb1 Rxb7 25. Rxb7 Re7 26. Qb2 Be8 27. Rxe7 Qxe7 28. Qb6 Qe5 29. g3 Qa1+ 30. Kg2 Kg7 31. Qxc5 Ba4 32. d6 Qf6 33. Bc6 Bc2 34. d7 Be4+ 35. Bxe4 fxe4 36. Qd4 Qxd4 37. exd4 Kf6 38. d8=Q+ 1-0

[Event "Late-Titled-Tuesday-Blitz-June-25-2024"]
[Site "Chess.com"]
[Date "2024.06.25"]
[Round "9"]
[White "gabduschew"]
[Black "VaglioSagan"]
[Result "1-0"]
[WhiteElo "2411"]
[BlackElo "2521"]
[TimeControl "180+1"]
[EndTime "15:43:59 PDT"]
[Termination "gabduschew won by resignation"]

1. e4 c6 2. d4 d5 3. Nc3 dxe4 4. Nxe4 Nf6 5. Nxf6+ exf6 6. c3 Bd6 7. Bd3 O-O 8.
Qc2 Re8+ 9. Ne2 h6 10. Be3 Be6 11.
O-O Qc7 12. h3 c5 13. Rad1 a6 14. dxc5 Bxc5 15. Bf4 Qb6 16. b4 Bf8 17. Nd4 Bd7 18. a4 Nc6 19. a5 Nxd4 20. Bh7+ Kh8 21. Rxd4 Qd8 22. Rfd1 Re7 23. Bd6 Bc6 24. Bxe7 Qxe7 25. Be4 Bxe4 26. Qxe4 Qc7 27. R1d3 g6 28. Rd7 Qe5 29.
Qxe5 fxe5 30. Rxf7 Rb8 31. Rdd7 b6 32. Rb7 Kg8 33.
Rxb8 Kxf7 34. axb6 Bd6 35. Ra8 Ke6 36. b7 e4 37. b8=Q Kd5 38. Qb7+ Kc4 39. Qxe4+ Kxc3 40. Rxa6 Bxb4 41. Rc6+ 1-0

[Event "Late-Titled-Tuesday-Blitz-June-25-2024"]
[Site "Chess.com"]
[Date "2024.06.25"]
[Round "9"]
[White "Gzucaritas"]
[Black "glucolisis04"]
[Result "1-0"]
[WhiteElo "2052"]
[BlackElo "2286"]
[TimeControl "180+1"]
[EndTime "15:44:01 PDT"]
[Termination "Gzucaritas won by resignation"]

1. e4 c5 2. Nf3 Nc6 3. Bb5 Nf6 4. e5 Nd5 5. Nc3 Nc7 6. Bxc6 dxc6 7. O-O Bg4 8. Re1 Ne6 9. h3 Bxf3 10. Qxf3 Nd4 11. Qd1 e6 12. d3 Be7 13. Ne4 Qc7 14.
c3 Nf5 15. Bf4 Rd8 16. Qe2 Nh4 17. Nd6+ Rxd6 18. exd6 Bxd6 19. Bxd6 Qxd6 20. Rad1 Ng6 21. d4 cxd4 22. Rxd4 Qe7 23. Red1 O-O 24. Rd7 Qg5 25. Rxb7 Nf4 26. Qf3 Nd5 27. c4 Nb6 28. b3 Qa5 29.
Qxc6 Qxa2 30. Qc7 Qxb3 31. Rd8 1-0

[Event "Late-Titled-Tuesday-Blitz-June-25-2024"]
[Site "Chess.com"]
[Date "2024.06.25"]
[Round "9"]
[White "MagnusCarlsen"]
[Black "GM_dmitrij"]
[Result "1-0"]
[WhiteElo "3173"]
[BlackElo "2980"]
[TimeControl "180+1"]
[EndTime "15:44:02 PDT"]
[Termination "MagnusCarlsen won by resignation"]

1. e4 e5 2. Nf3 Nc6 3. Bc4 Nf6 4. d3 Bc5 5. O-O d6 6. c3 O-O 7. h3 a5 8. Nbd2 Be6 9. Bb5 Ba7 10. Nc4 h6 11. Be3 Ne7 12. Bxa7 Rxa7 13. Ne3 Ng6 14.
Re1 c6 15. Ba4 b5 16. Bc2 a4 17. d4 Re8 18. b3 axb3 19. axb3 Qb6 20. Rxa7 Qxa7 21.
Nf5 Qc7 22. Qa1 c5 23. dxe5 dxe5 24. Qa6 b4 25. c4 Rd8 26. Ne3 Rd6 27. Qa1 Rd8 28.
Nd5 Qd6 29. Rd1 Bxd5 30. cxd5 Ne8 31. Bd3 Qb6 32. Nxe5 Nxe5 33. Qxe5 Nd6 34. Qg3 f6 35. Qe3 Rc8 36. Rc1 Qa5 37. f4 Qa3 38. e5 Nf7 39.
Rxc5 Rxc5 40. Qxc5 fxe5 41. Qc8+ 1-0

[Event "Late-Titled-Tuesday-Blitz-June-25-2024"]
[Site "Chess.com"]
[Date "2024.06.25"]
[Round "9"]
[White "HaryKane"]
[Black "Beaterawn"]
[Result "1-0"]
[WhiteElo "2599"]
[BlackElo "2410"]
[TimeControl "180+1"]
[EndTime "15:44:02 PDT"]
[Termination "HaryKane won by resignation"]

1. d4 f5 2. c4 Nf6 3. Nf3 g6 4.
h4 Bg7 5. Nc3 O-O 6. Bg5 Ne4 7.
Qc2 Nxc3 8. Qxc3 c5 9. e3 Nc6 10. O-O-O d6 11. h5 h6 12. Bf4 g5 13. Bg3 cxd4 14.
Nxd4 Nxd4 15. exd4 f4 16. Bh2 Bf5 17. g3 fxg3 18.
Bxg3 Be4 19. Rg1 Rf3 20. Qe1 Qb6 21. Qxe4 Raf8 22. Bd3 Qa5 23. Qh7+ Kf7 24. Qg6+ Kg8 25. Rge1 R3f6 26. Qh7+ Kf7 27. Bg6+ Rxg6 28. Qxg6+ Kg8 29.
Rxe7 1-0

[Event "Late-Titled-Tuesday-Blitz-June-25-2024"]
[Site "Chess.com"]
[Date "2024.06.25"]
[Round "9"]
[White "guillembaches"]
[Black "petr577"]
[Result "1/2-1/2"]
[WhiteElo "2532"]
[BlackElo "2375"]
[TimeControl "180+1"]
[EndTime "15:44:03 PDT"]
[Termination "Game drawn by repetition"]

1. d4 Nf6 2. Nf3 g6 3. Bg5 Bg7 4.
Nbd2 d5 5. e3 O-O 6. Be2 h6 7.
Bh4 c5 8. c3 Qb6 9. Qb3 Nc6 10.
O-O Bf5 11. Qa3 cxd4 12. exd4 e6 13. Rfe1 g5 14. Bg3 Ne4 15. Nxe4 Bxe4 16. Nd2 Bg6 17. Bd6 Rfc8 18. Bf3 Nxd4 19. cxd4 Bxd4 20. Nb3 Bxf2+ 21. Kh1 Bxe1 22. Rxe1 Qf2 23. Bg3 Qc2 24. h4 Qd3 25. Qe7 g4 26. Be5 Qf5 27. Bxg4 Qxg4 28. Qf6 Kf8 29.
Bd6+ Kg8 30. Be5 Kf8 31. Bd6+ Kg8 32. Be5 1/2-1/2

[Event "Late-Titled-Tuesday-Blitz-June-25-2024"]
[Site "Chess.com"]
[Date "2024.06.25"]
[Round "9"]
[White "jcmesafischer"]
[Black "canary2016"]
[Result "1-0"]
[WhiteElo "2354"]
[BlackElo "2215"]
[TimeControl "180+1"]
[EndTime "15:44:07 PDT"]
[Termination "jcmesafischer won on time"]

1. e4 c5 2. Nf3 d6 3. d4 cxd4 4. Nxd4 Nf6 5. Nc3 a6 6. Bg5 e6 7.
f4 h6 8. Bh4 Qb6 9. a3 Be7 10.
Bf2 Qc7 11. g4 Nc6 12. Be2 e5 13. fxe5 dxe5 14. Nf5 Bxf5 15. gxf5 Rd8 16. Nd5 Nxd5 17. exd5 Nb8 18. Qd3 Qa5+ 19. c3 Rxd5 20. Qc4 O-O 21. Rg1 Nd7 22. b4 Qa4 23. Qxd5 Nf6 24. Qg2 Ne8 25.
Be3 Qc2 26. Rc1 Qb2 27. Bxh6 Bh4+ 28. Kf1 1-0

[Event "Late-Titled-Tuesday-Blitz-June-25-2024"]
[Site "Chess.com"]
[Date "2024.06.25"]
[Round "9"]
[White "PawnEatingZombie"]
[Black "Cheer_Down"]
[Result "0-1"]
[WhiteElo "2296"]
[BlackElo "2470"]
[TimeControl "180+1"]
[EndTime "15:44:10 PDT"]
[Termination "Cheer_Down won by resignation"]

1. e4 e6 2. d4 d5 3. Nd2 c5 4. exd5 exd5 5. Ngf3 Nc6 6. Bb5 Qe7+ 7. Qe2 Qxe2+ 8.
Kxe2 Bf5 9. c3 O-O-O 10. dxc5 Bxc5 11. Nb3 Bb6 12. Be3 Bxe3 13. fxe3 Nf6 14. Nbd4 Bd7 15. Bd3 Rhe8 16. h3 Ne4 17. Bxe4 dxe4 18. Nd2 Nxd4+ 19.
cxd4 Bb5+ 20. Kf2 Kd7 21. Rac1 b6 22. Rc3 Rc8 23. Rhc1 Rxc3 24. Rxc3 Bd3 25. b4 g5 26. Ra3 Ra8 27. Rc3 f5 28. Nc4 Bxc4 29.
Rxc4 Kd6 30. g3 Rf8 31. Rc2 Rf7 32. Rc8 Kd5 33. a4 f4 34. gxf4 gxf4 35. Rd8+ Kc4 36.
exf4 Kd3 37. d5 e3+ 38. Ke1 Rc7 39. Kf1 e2+ 40. Kf2 Rc1 41. Re8 Rf1+ 42. Kg2 e1=Q 43.
Rxe1 Rxe1 0-1

[Event "Late-Titled-Tuesday-Blitz-June-25-2024"]
[Site "Chess.com"]
[Date "2024.06.25"]
[Round "9"]
[White "FMOlexandrProhorov"]
[Black "RTchess367"]
[Result "1-0"]
[WhiteElo "2371"]
[BlackElo "2234"]
[TimeControl "180+1"]
[EndTime "15:44:12 PDT"]
[Termination "FMOlexandrProhorov won on time"]

1. e4 c5 2. c3 Nf6 3. e5 Nd5 4. Nf3 d6 5. Bc4 Nb6 6. Bb3 c4 7. Bc2 dxe5 8. Nxe5 Qd5 9. Qe2 Be6 10. O-O g6 11. d4 cxd3 12. Bxd3 Bg7 13. Bf4 O-O 14.
Nd2 Nc6 15. Be4 Qc5 16. Nxc6 bxc6 17. Be3 Qd6 18. Bf3 Nd5 19. Ne4 Qe5 20. Bd4 Nf4 21. Qe3 Qf5 22. Bxg7 Kxg7 23. Rfd1 Bd5 24. c4 Bxc4 25. Qc3+ e5 26. Qxc4 Nd5 27. Qxc6 Nf4 28. Qd7 Nh3+ 29. Kh1 1-0

[Event "Late-Titled-Tuesday-Blitz-June-25-2024"]
[Site "Chess.com"]
[Date "2024.06.25"]
[Round "9"]
[White "ErikRonka"]
[Black "Queensandpawns"]
[Result "1-0"]
[WhiteElo "2501"]
[BlackElo "2293"]
[TimeControl "180+1"]
[EndTime "15:44:17 PDT"]
[Termination "ErikRonka won on time"]

1. d4 Nc6 2. Nf3 d6 3. d5 Nb8 4. c4 Nf6 5. Nc3 g6 6. e4 Bg7 7.
Be2 a5 8. O-O Na6 9. Bf4 O-O 10.
h3 Nc5 11. e5 Nfd7 12. exd6 cxd6 13. Re1 Ne5 14. Nxe5 dxe5 15. Be3 Qd6 16. Nb5 Qb6 17.
b3 Bd7 18. Nc3 Rac8 19. Ne4 f5 20. Nxc5 Rxc5 21. Bxc5 Qxc5 22. Qd2 e4 23. Rad1 f4 24. Bg4 Bxg4 25. hxg4 e3 26. fxe3 f3 27. Rf1 Bh6 28. Rde1 Qd6 29. gxf3 Qg3+ 30. Qg2 Qh4 31. f4 Bg7 32.
Re2 Qf6 33. Qe4 Qb6 34. Qe6+ Kh8 35. Qxb6 1-0

[Event "Late-Titled-Tuesday-Blitz-June-25-2024"]
[Site "Chess.com"]
[Date "2024.06.25"]
[Round "9"]
[White "Jospem"]
[Black "DenLaz"]
[Result "1/2-1/2"]
[WhiteElo "3070"]
[BlackElo "3138"]
[TimeControl "180+1"]
[EndTime "15:44:20 PDT"]
[Termination "Game drawn by repetition"]

1. e4 e5 2. Nf3 Nc6 3. Nc3 Nf6 4. g3 d5 5. exd5 Nxd5 6. Bg2 Nxc3 7.
bxc3 Bc5 8. O-O O-O 9. Re1 Qf6 10. d3 Bb6 11. Rb1 h6 12. Qe2 Be6 13. a4 Rfe8 14. Nd2 Qg6 15. Be4 f5 16. Bf3 Bf7 17.
Bg2 Rad8 18. Nb3 Qf6 19. c4 Nd4 20. Nxd4 exd4 21. Qd1 Rxe1+ 22. Qxe1 Re8 23. Qd1 Ba5 24. Bd2 Bxd2 25. Qxd2 b6 26. a5 Qe5 27. axb6 axb6 28.
Bf3 g5 29. h3 Kg7 30. Kg2 Qf6 31. Rb5 Re5 32. Rb1 Re8 33. Ra1 Qe5 34. Rb1 Qf6 1/2-1/2

[Event "Late-Titled-Tuesday-Blitz-June-25-2024"]
[Site "Chess.com"]
[Date "2024.06.25"]
[Round "9"]
[White "vova-79"]
[Black "Boundless_Strike"]
[Result "0-1"]
[WhiteElo "2596"]
[BlackElo "2723"]
[TimeControl "180+1"]
[EndTime "15:44:20 PDT"]
[Termination "Boundless_Strike won by resignation"]

1. d4 e5 2. dxe5 d6 3. Nf3 Nc6 4. Bf4 Bg4 5. h3 Bxf3 6. exf3 dxe5 7. Qxd8+ Rxd8 8. Bd2 Nf6 9. Nc3 Bc5 10. Bg5 O-O 11. Bxf6 gxf6 12. Bd3 Nd4 13. O-O c6 14. Ne4 Be7 15. Ng3 Rfe8 16. Rfd1 Bf8 17. Kf1 Ne6 18. Ne2 Nc5 19. Bf5 Na4 20. b3 Nb6 21. Nc3 Nd5 22. Ne4 Kg7 23. c4 Ne7 24. Bd7 f5 25. Bxe8 Rxe8 26.
Nd6 Rb8 27. g4 Kf6 28. Nxf5 Nxf5 29. gxf5 Kxf5 30. Rd7 Ke6 31. Rad1 a5 32. Ke2 Bc5 33. f4 Bd4 34. Rc7 Bb6 35. f5+ Kf6 36. Rd6+ Kg7 37.
Rcd7 Bc5 38. Rd1 Bb6 39. Kf3 a4 40. b4 Bd4 41. Ke4 Kf6 42. f4 Re8 43. Rxb7 exf4+ 44. Kxd4 Rd8+ 45. Kc5 Rxd1 46. Kxc6 f3 0-1

[Event "Late-Titled-Tuesday-Blitz-June-25-2024"]
[Site "Chess.com"]
[Date "2024.06.25"]
[Round "9"]
[White "Oleksandr_Bortnyk"]
[Black "HansOnTwitch"]
[Result "0-1"]
[WhiteElo "3071"]
[BlackElo "3127"]
[TimeControl "180+1"]
[EndTime "15:44:22 PDT"]
[Termination "HansOnTwitch won on time"]

1. e4 c5 2. Be2 Nc6 3. f4 d6 4. Nf3 Nf6 5. d3 g6 6. O-O Bg7 7. Kh1 O-O 8. c3 Rb8 9. Be3 Ng4 10. Bg1 f5 11. Ng5 Nh6 12. Qb3+ Kh8 13. Nd2 e5 14. Be3 Qe7 15. Rae1 Bd7 16. a4 Bf6 17. Nc4 b6 18. fxe5 Bxg5 19. exd6 Qd8 20. Bxg5 Qxg5 21. e5 Ng4 22. Bf3 Qh4 23. h3 Qg3 24. hxg4 fxg4 25. Bxg4 Bxg4 26. Qc2 Rxf1+ 27. Rxf1 Nxe5 28. Nxe5 Qxe5 29. Qf2 Qxd6 30. Qf7 Bf5 31. d4 Rf8 32. Qxa7 cxd4 33. cxd4 Qxd4 34. a5 Qc4 35. Rd1 Be4 36. Qe7 Bxg2+ 37. Kh2 Qf4+ 38. Kxg2 Qg4+ 39. Kh2 Rf2+ 0-1

[Event "Late-Titled-Tuesday-Blitz-June-25-2024"]
[Site "Chess.com"]
[Date "2024.06.25"]
[Round "9"]
[White "JanistanTV"]
[Black "VD_coach"]
[Result "1-0"]
[WhiteElo "2678"]
[BlackElo "2567"]
[TimeControl "180+1"]
[EndTime "15:44:22 PDT"]
[Termination "JanistanTV won on time"]

1. d4 Nf6 2. c4 g6 3. Nc3 Bg7 4. e4 O-O 5. Nf3 d6 6. Be2 c5 7. O-O Bg4 8. dxc5 dxc5 9. Be3 Nfd7 10. Qd2 Nc6 11. Rfd1 Bxf3 12. Bxf3 Nd4 13. Ne2 Nxf3+ 14. gxf3 Ne5 15. Qxd8 Rfxd8 16. Bxc5 Nxc4 17. Bxe7 Re8 18. Rd7 Ne5 19. Rxb7 Nxf3+ 20. Kg2 Nd2 21. f3 Nc4 22. Rc1 Nxb2 23. Rcc7 Nd3 24. Rxa7 Rxa7 25. Rxa7 f5 26. exf5 Bf8 27. f6 Bxe7 28. fxe7 Kf7 29. a4 Rxe7 30. Rxe7+ Kxe7 31. a5 Kd6 32. Kg3 Kc6 33. Nd4+ Kb7 34. Ne6 Ka6 35. Nf8 Kxa5 36. Nxh7 Kb6 37. Nf8 Kc6 38. Nxg6 Kd6 39. Kg4 Nc5 40. h4 Ke6 41. Kg5 Kf7 42. Kf5 Nd3 43. f4 Kg7 44. Kg5 Nf2 45.
h5 1-0

[Event "Late-Titled-Tuesday-Blitz-June-25-2024"]
[Site "Chess.com"]
[Date "2024.06.25"]
[Round "9"]
[White "TheAlienParty"]
[Black "Frankie_Badacsonyi"]
[Result "0-1"]
[WhiteElo "2353"]
[BlackElo "2504"]
[TimeControl "180+1"]
[EndTime "15:44:22 PDT"]
[Termination "Frankie_Badacsonyi won on time"]

1. c4 e5 2. Nc3 Bb4 3. Nd5 Be7 4. d4 d6 5. dxe5 dxe5 6. e4 c6 7. Nxe7 Qxe7 8. Nf3 Nf6 9. Bd3 O-O 10. h3 Rd8 11. Qe2 Qb4+ 12. Nd2 Na6 13. O-O Nc5 14. Bc2 a5 15.
Nf3 Ncd7 16. Rd1 Qe7 17. Bd2 Ne8 18. Bc3 f6 19. Nh4 Nf8 20. Rd2 Be6 21. b3 Rxd2 22. Qxd2 Rd8 23. Qe3 Qc7 24. Nf5 Ng6 25. g3 Nd6 26. c5 Nb5 27. Be1 Bxf5 28. exf5 Ne7 29. g4 Nd4 30. Be4 Nd5 31. Qd2 Nf4 32.
Qxa5 Qd7 33. Kh2 Re8 34. Qd2 h5 35. Rd1 hxg4 36. hxg4 Kf7 37. Kg3 Rh8 38. Bg2 Nxg2 39.
Kxg2 Qd5+ 0-1

[Event "Late-Titled-Tuesday-Blitz-June-25-2024"]
[Site "Chess.com"]
[Date "2024.06.25"]
[Round "9"]
[White "Sanan_Sjugirov"]
[Black "Raja3401"]
[Result "0-1"]
[WhiteElo "2987"]
[BlackElo "2799"]
[TimeControl "180+1"]
[EndTime "15:44:23 PDT"]
[Termination "Raja3401 won on time"]

1. c4 Nf6 2. d4 e6 3. Nf3 d5 4. g3 Be7 5. Bg2 O-O 6. O-O dxc4 7. Qc2 b6 8. Ne5 Qxd4 9. Bxa8 Qxe5 10. Bg2 Nd5 11. Nc3 Nc6 12. Nxd5 exd5 13. Bf4 Qe6 14. Rad1 Nb4 15. Qd2 c6 16. a3 Na6 17. e4 dxe4 18.
Bxe4 Nc5 19. Bc2 Bf6 20. Rfe1 Qh3 21. Bd6 Bg4 22. Bf5 Bxf5 23. Bxf8 Ne4 24. Qf4 g5 25. Qb8 h6 26. Be7+ Kh7 0-1

[Event "Late-Titled-Tuesday-Blitz-June-25-2024"]
[Site "Chess.com"]
[Date "2024.06.25"]
[Round "9"]
[White "dolynachess"]
[Black "DryCounty"]
[Result "0-1"]
[WhiteElo "2522"]
[BlackElo "2643"]
[TimeControl "180+1"]
[EndTime "15:44:23 PDT"]
[Termination "DryCounty won by resignation"]

1. d3 d5 2. d4 c5 3. c4 cxd4 4. Qxd4 Nc6 5. Qxd5 Qxd5 6. cxd5 Nb4 7. Na3 Nxd5 8. e4 Nb4 9. Bd2 e6 10. Bb5+ Bd7 11.
Bxd7+ Kxd7 12. Ke2 Nc6 13. Rd1 Nd4+ 14. Ke3 Bxa3 15.
Bc3 Bc5 16. Nf3 e5 17. Nxe5+ Ke6 18. Bxd4 Bxd4+ 19. Rxd4 Kxe5 20. Rd7 Nf6 21. Re7+ Kd6 22. Rxf7 Ke6 23. Rxg7 Rhg8 24. Rxg8 Rxg8 25. g3 Rc8 26. Kd3 Ng4 27. Rf1 Ne5+ 28. Ke3 Rc2 29. h3 Rxb2 30.
a4 Ra2 31. f4 Nc4+ 32. Kd4 Rxa4 33. g4 Ne5+ 34. Ke3 Ra3+ 35. Ke2 Nc4 36. f5+ Kf6 37. g5+ Kxg5 38. f6 Re3+ 39. Kd1 Rd3+ 40. Ke2 Rd8 41. f7 Rf8 0-1

[Event "Late-Titled-Tuesday-Blitz-June-25-2024"]
[Site "Chess.com"]
[Date "2024.06.25"]
[Round "9"]
[White "howitzer14"]
[Black "SujanaLohani"]
[Result "1-0"]
[WhiteElo "3027"]
[BlackElo "2311"]
[TimeControl "180+1"]
[EndTime "15:44:25 PDT"]
[Termination "howitzer14 won by checkmate"]

1. b3 e5 2. Bb2 Nc6 3. e3 Nf6 4. Ne2 d5 5. d3 Bd6 6. Nd2 O-O 7. a3 Re8 8. h3 a5 9. g4 Be6 10. Bg2 Nd7 11. Ng3 g6 12. h4 Nf6 13.
g5 Bg4 14. Bf3 Bxf3 15. Qxf3 Nd7 16. Qxd5 Nb6 17. Qf3 Qe7 18. Nde4 Nd5 19. h5 Rf8 20. Nf6+ Nxf6 21. gxf6 Qe6 22. Ne4 Qf5 23. Qg3 Rfd8 24. Ke2 Bf8 25. Rh4 Rd7 26. Rah1 Nd8 27. Bxe5 Bxa3 28.
f4 Ne6 29. Nf2 a4 30. e4 Nd4+ 31. Bxd4 Qe6 32. f5 Qc6 33. hxg6 Qxc2+ 34. Kf3 fxg6 35. Qxg6+ hxg6 36. Rh8+ Kf7 37. R1h7# 1-0

[Event "Late-Titled-Tuesday-Blitz-June-25-2024"]
[Site "Chess.com"]
[Date "2024.06.25"]
[Round "9"]
[White "Jahonas"]
[Black "campochess"]
[Result "0-1"]
[WhiteElo "2410"]
[BlackElo "2244"]
[TimeControl "180+1"]
[EndTime "15:44:26 PDT"]
[Termination "campochess won on time"]

1. e4 c5 2. Nc3 Nc6 3. b3 g6 4. Bb2 Bg7 5. Bc4 e6 6. Nge2 Nge7 7. O-O a6 8. Ng3 O-O 9. Be2 f5 10. exf5 Nxf5 11. Nxf5 Rxf5 12. Bg4 Rf7 13. d3 d5 14.
f4 Qd6 15. g3 Bd7 16. Qd2 Raf8 17. Na4 Bxb2 18. Nxb2 e5 19. Bxd7 Qxd7 20. c3 Qg4 21.
Qg2 exf4 22. Rxf4 Rxf4 23. gxf4 Qxg2+ 24. Kxg2 Rxf4 25. Re1 Kf7 26. Na4 c4 27. d4 cxb3 28. axb3 b5 29. Nc5 b4 30. Re6 Ne7 31. cxb4 Rxd4 32. Rb6 Nf5 33. Nxa6 Rd2+ 34. Kf1 Ne3+ 35. Ke1 Rxh2 36. Rb7+ Kf6 37. Nc5 Ke5 38. b5 Nc2+ 39. Kd1 Ne3+ 40. Ke1 Nc2+ 41. Kf1 Ne3+ 42. Kg1 Rc2 43.
b4 Rc4 44. Re7+ Kf4 45. Ne6+ Kg3 46. Rc7 Rxb4 47. Rc3 Rb1+ 0-1

[Event "Late-Titled-Tuesday-Blitz-June-25-2024"]
[Site "Chess.com"]
[Date "2024.06.25"]
[Round "9"]
[White "chess_sharparchitect"]
[Black "Chessdude1987"]
[Result "0-1"]
[WhiteElo "2333"]
[BlackElo "2369"]
[TimeControl "180+1"]
[EndTime "15:44:26 PDT"]
[Termination "Chessdude1987 won on time"]

1. c4 e6 2. e4 d5 3. exd5 exd5 4. cxd5 Nf6 5. Nc3 Nxd5 6. Bc4 c6 7. Qf3 Be6 8. Nge2 Be7 9. d4 O-O 10. Bd3 Nd7 11. O-O N7f6 12. h3 h6 13. Qg3 Kh8 14.
Bd2 Nb4 15. Bb1 c5 16. a3 Nc6 17. Qd3 Nxd4 18. Nxd4 Qxd4 19. Qc2 Rad8 20. Be3 Qc4 21. Ba2 Qd3 22. Qa4 Bxa2 23. Rxa2 a6 24. Raa1 Qg6 25.
Kh1 Nd5 26. Nxd5 Rxd5 27. Qb3 Rd7 28. Rac1 Rc8 29. Rfd1 Rxd1+ 30. Rxd1 Qe6 0-1

[Event "Late-Titled-Tuesday-Blitz-June-25-2024"]
[Site "Chess.com"]
[Date "2024.06.25"]
[Round "9"]
[White "TigrVShlyape"]
[Black "GothamChess"]
[Result "1-0"]
[WhiteElo "2984"]
[BlackElo "2758"]
[TimeControl "180+1"]
[EndTime "15:44:29 PDT"]
[Termination "TigrVShlyape won by resignation"]

1. e4 d5 2. exd5 Qxd5 3. Nc3 Qa5 4. Bc4 Nf6 5. Nge2 Nc6 6. O-O Bg4 7. Qe1 Bxe2 8.
Nxe2 e6 9. d4 Qxe1 10. Rxe1 O-O-O 11. c3 e5 12. Bxf7 exd4 13. Nxd4 Nxd4 14. cxd4 Rxd4 15. Be3 Rb4 16. b3 Bd6 17. h3 Re4 18. Bd2 Rf8 19. Bc4 a6 20. f3 Ree8 21. a4 Bg3 22. Rxe8+ Rxe8 23. Kf1 h6 24. Bc3 Be5 25. Rc1 Bg3 26.
Rd1 Re7 27. Bb4 Re8 28. Bc5 Nd7 29. Bf7 Re1+ 30. Rxe1 Bxe1 31. Bd4 Bd2 32. Bxg7 Nc5 33. Ke2 Bg5 34. g3 Bc1 35. f4 Ne4 36. Kf3 Nd6 37.
Be6+ Kd8 38. Bxh6 Ke7 39. Bd5 c6 40. Be4 Nf7 41. Bg7 c5 42. h4 b5 43. axb5 axb5 44. Bd5 Nd6 45. h5 Nf5 46. h6 Nxh6 47. Bxh6 Kd6 48.
Ke4 1-0

[Event "Late-Titled-Tuesday-Blitz-June-25-2024"]
[Site "Chess.com"]
[Date "2024.06.25"]
[Round "9"]
[White "CrimeFightingSpider07"]
[Black "Jagerrmeisterr"]
[Result "0-1"]
[WhiteElo "2557"]
[BlackElo "2674"]
[TimeControl "180+1"]
[EndTime "15:44:29 PDT"]
[Termination "Jagerrmeisterr won by resignation"]

1. Nf3 f5 2. d4 Nf6 3. g3 b6 4.
Bg2 Bb7 5. c4 e6 6. Nc3 Bb4 7. O-O Bxc3 8. bxc3 O-O 9. Ba3 d6 10.
c5 Na6 11. cxd6 cxd6 12. Qb3 Qd7 13. Ng5 Bxg2 14. Kxg2 Nc7 15. Rfe1 h6 16. Nf3 Ne4 17. Rad1 b5 18. c4 bxc4 19. Qxc4 Nd5 20. Rc1 Rfc8 21.
Qa6 Nc7 22. Qa5 Nb5 23. Rxc8+ Rxc8 24. Rc1 Rxc1 25. Bxc1 g5 26. Nd2 Nxd2 27. Bxd2 Nxd4 28. Be3 Nc6 29. Qb5 a5 30. a4 Kf7 31. Bb6 Qb7 32.
h4 Nd4+ 0-1

[Event "Late-Titled-Tuesday-Blitz-June-25-2024"]
[Site "Chess.com"]
[Date "2024.06.25"]
[Round "9"]
[White "andrew-blr"]
[Black "ACollins05"]
[Result "0-1"]
[WhiteElo "2591"]
[BlackElo "2429"]
[TimeControl "180+1"]
[EndTime "15:44:29 PDT"]
[Termination "ACollins05 won by resignation"]

1. d4 b5 2. e4 a6 3. Nf3 Bb7 4. Bd3 e6 5. O-O c5 6. c3 Nf6 7. Re1 Be7 8. Nbd2 d6 9. a4 c4 10.
Bc2 Nbd7 11. Nf1 O-O 12. Ng3 Qc7 13. Bg5 Rfe8 14. h4 h6 15. Be3 Bf8 16. h5 Nb6 17.
axb5 axb5 18. Rxa8 Rxa8 19. Bb1 Nbd7 20. Qc2 Be7 21.
e5 dxe5 22. dxe5 Nxe5 23. Nxe5 Qxe5 24. Rd1 Rd8 25. Rxd8+ Bxd8 26. Bd4 Qd5 27. f3 e5 28. Bf2 Be7 29. Qf5 Bc5 30. Ne4 Bxf2+ 31. Kxf2 Nxe4+ 32. Bxe4 Qd2+ 33. Kg3 Bxe4 34. Qxe4 Qd6 35. Qa8+ Kh7 36. Qe4+ g6 37. Kh2 Kg7 38. hxg6 fxg6 39. Qb7+ Kf6 40. Qxb5 e4+ 41. Kh3 exf3 42. gxf3 Qe6+ 43. Kg2 Qe2+ 44.
Kg3 Qe5+ 45. Qxe5+ Kxe5 46. Kf2 Kf4 47. Ke2 h5 48. Kf2 h4 49. Kg2 g5 50. Kf2 h3 51.
Kg1 Kxf3 52. Kh2 g4 53. Kh1 Ke3 54. b4 cxb3 55. c4 Kd4 56. Kh2 Kxc4 0-1

[Event "Late-Titled-Tuesday-Blitz-June-25-2024"]
[Site "Chess.com"]
[Date "2024.06.25"]
[Round "9"]
[White "LoonsDeKoeben"]
[Black "IMRosen"]
[Result "0-1"]
[WhiteElo "2433"]
[BlackElo "2702"]
[TimeControl "180+1"]
[EndTime "15:44:30 PDT"]
[Termination "IMRosen won on time"]

1. e4 c5 2. Nf3 Nc6 3. Bc4 e6 4. O-O a6 5. Re1 Nge7 6. d4 cxd4 7. Nxd4 Qc7 8. a4 Ng6 9. Nxc6 bxc6 10. Be3 Be7 11.
a5 d5 12. exd5 cxd5 13. Bf1 O-O 14. Nd2 Rb8 15. Nb3 Bf6 16. Bb6 Qc6 17. c3 e5 18.
g3 Be7 19. Bg2 Bb7 20. Rc1 Qe6 21. Nc5 Bxc5 22. Bxc5 Rfe8 23. b4 Rbd8 24. Qb3 Bc6 25. Red1 h5 26. h4 f5 27. Qc2 f4 28. c4 d4 29. Be4 Bxe4 30. Qxe4 Qg4 31. Rd3 Nxh4 32. Kf1 Nf5 0-1